 Dungeon Crawl Stone Soup version 0.21-a0-286-g6fcecc0 (webtiles) character file.

9037 tidbits the Fighter (level 11, -1/99 HPs)
             Began as a Purple Draconian Monk on Sept 27, 2017.
             Was an Elder of Wu Jian.
             Slain by a wolf (2 damage)
             ... in an ice cave.
             The game lasted 00:40:00 (5226 turns).

tidbits the Fighter (Purple Draconian Monk)         Turns: 5226, Time: 00:40:00

Health: -1/99      AC:  7    Str: 14    XL:     11   Next: 17%
Magic:  0/17       EV: 15    Int: 13    God:    Wu Jian [****..]
Gold:   382        SH: 12    Dex: 14    Spells: 15/18 levels left

rFire    . . .     SeeInvis .     - Unarmed
rCold    + . .     Gourm    .   D - +2 shield {rF+}
rNeg     . . .     Faith    .   (armour unavailable)
rPois    +         Spirit   +   (helmet restricted)
rElec    .         Reflect  .   (no cloak)
rCorr    .         Harm     .   (no gloves)
MR       +....     Rnd*Rage +   (no boots)
Stlth    ++++......             q - amulet of guardian spirit
HPRegen  0.26/turn              i - ring of stealth
MPRegen  0.15/turn              y - ring of ice

@: berserk cooldown, slowed, very slow
A: breathe power, unfitting armour, horns 1, stinger 1, berserk 1, poison
resistance, cold-blooded, AC +7
a: Breathe Dispelling Energy, Serpent's Lash, Renounce Religion


You were in an ice cave.
You worshipped Wu Jian.
Wu Jian was greatly pleased with you.
You were not hungry.

You visited 1 branch of the dungeon, and saw 11 of its levels.
You also visited: Ice Cave.

You collected 444 gold pieces.
You spent 62 gold pieces at shops.

Inventory:

Hand Weapons
 h - a +2 short sword of speed
   (You took it off a kobold on level 3 of the Dungeon)
 k - a +0 shortbow of flaming
   (You took it off a centaur on level 9 of the Dungeon)
 v - a +1 dagger of venom
   (You took it off an orc wizard on level 5 of the Dungeon)
 E - the +0 flail "Ox" {crush, rElec Int+2}
   (You found it on level 8 of the Dungeon)

   It inflicts extra damage upon your enemies.
   It affects your intelligence (+2).
   It insulates you from electricity.
Missiles
 b - 120 stones (quivered)
 f - 170 arrows
 g - 72 sling bullets
 p - a throwing net {!f}
 C - 8 curare-tipped needles
 F - 2 tomahawks
 N - 4 tomahawks of returning
Armour
 D - a +2 shield of fire resistance (worn)
   (You took it off a tengu warrior on level 10 of the Dungeon)
Jewellery
 i - a ring of stealth (left hand)
   (You found it on level 2 of the Dungeon)
 q - an amulet of guardian spirit (around neck)
   (You found it on level 5 of the Dungeon)
 u - an uncursed ring of stealth
   (You found it on level 5 of the Dungeon)
 y - a ring of ice (right hand)
   (You found it on level 7 of the Dungeon)
 K - an uncursed ring of resist corrosion
   (You found it on level 9 of the Dungeon)
Wands
 d - a wand of digging (8/24)
 z - a wand of lightning (0/15)
 A - a wand of lightning (0/15)
 H - a wand of random effects (9/48)
 M - a wand of scattershot (0/9)
Scrolls
 c - a scroll of fog
 r - 3 scrolls of remove curse
 s - 2 scrolls of enchant weapon
 t - a scroll of amnesia {unknown}
 x - a scroll of recharging {unknown}
 G - 2 scrolls of teleportation
 I - a scroll of enchant armour {unknown}
Potions
 e - 2 potions of brilliance
 j - 2 potions of mutation {!q}
Books
 w - a book of Cantrips
   (You found it on level 6 of the Dungeon)

   Spells                             Type                      Level
   a - Confusing Touch                Hexes                        1
   b - Animate Skeleton               Necromancy                   1
   c - Summon Small Mammal            Summoning                    1
   d - Apportation                    Translocation                1
 J - a book of Maledictions
   (You found it on level 9 of the Dungeon)

   Spells                             Type                      Level
   a - Corona                         Hexes                        1
   b - Ensorcelled Hibernation        Hexes/Ice                    2
   c - Confuse                        Hexes                        3
   d - Tukima's Dance                 Hexes                        3
   e - Dazzling Spray                 Conjuration/Hexes            3
Comestibles
 a - 3 bread rations
 l - 4 meat rations
 B - a royal jelly
 O - 4 chunks of flesh
 P - 28 fruits


   Skills:
 - Level 9.6 Fighting
 - Level 8.0 Dodging
 + Level 4.4 Stealth
 + Level 5.8 Shields
 - Level 9.6 Unarmed Combat
 - Level 4.1 Spellcasting
 - Level 2.1 Hexes
 - Level 3.0 Necromancy
 - Level 2.0 Translocations


You had 15 spell levels left.
You knew the following spells:

 Your Spells              Type           Power        Failure   Level  Hunger
a - Apportation           Tloc           #.....       28%         1    None
n - Animate Skeleton      Necr           N/A          19%         1    None
t - Confusing Touch       Hex            #.....       26%         1    None


Dungeon Overview and Level Annotations

Branches:
Dungeon (11/15)
 Temple: D:4-7         Lair: D:8-11         Orc: D:9-12

Altars:
Cheibriados
Dithmenos
Elyvilon
Nemelex Xobeh
Qazlal
Wu Jian
Xom

Shops:
D:6 =   D:8 (

Annotations:
D:2 Natasha


Innate Abilities, Weirdness & Mutations

You can breathe bolts of dispelling energy.
Your rich purple scales are hard. (AC +7)
You cannot fit into any form of body armour.
You are cold-blooded and may be slowed by cold attacks.
You have a pair of small horns on your head.
Your tail ends in a poisonous barb.
You tend to lose your temper in combat.
Your system is resistant to poisons. (rPois)


Message History

Your centaur skeleton closely misses the ice devil.
You spin and attack the ice devil.
You hit the ice devil but do no damage.
Your tail-slap misses the ice devil.
The ice devil is heavily wounded.
The ice devil hits you.
* * * LOW HITPOINT WARNING * * *
The ice devil freezes you! You resist.
* * * LOW HITPOINT WARNING * * *
Your centaur skeleton closely misses the ice devil.
You spin and attack the ice devil.
You punch the ice devil!
The ice devil is severely wounded.
The ice devil closely misses you.
Your centaur skeleton hits the ice devil but does no damage.
You punch the ice devil!
The ice devil is almost dead.
Your centaur skeleton hits the ice devil but does no damage.
Your steam dragon skeleton barely misses the ice devil.
Your steam dragon skeleton claws the ice devil but does no damage.
You spin and attack the ice devil.
You barely miss the ice devil.
You tail-slap the ice devil, but do no damage.
The ice devil is almost dead.
The ice devil barely misses you.
Your centaur skeleton barely misses the ice devil.
You spin and attack the ice devil.
You punch the ice devil!
You kill the ice devil!
The Council accepts your kill.
You feel a strong urge to attack something.
You are no longer berserk.
You are exhausted.
You feel yourself slow down.
There is a frozen archway here.
You have got your breath back.
The world spins around you as you enter the gateway.
You enter an ice cave! 4 wolves come into view.
The wolf howls! x3
Found an ice covered gate leading back out of this place.
There is an ice choked empty arch of ancient stone here.
Okay, then.
Evoke which item? (* to show all) (? for menu, Esc to quit)
Okay, then.
Okay, then.
As you read the scroll of fear, it crumbles to dust.
You assume a fearsome visage.
The wolf looks frightened! x4
Evoke which item? (* to show all) (? for menu, Esc to quit)
Aiming: Dig
Press: ? - help, Shift-Dir - straight line, f - you The rock shatters into small pieces.
This wand has 10 charges left.
Some of the chunks of flesh in your inventory have rotted away.
Evoke which item? (* to show all) (? for menu, Esc to quit)
Aiming: Dig
Press: ? - help, Shift-Dir - straight line, f - you The rock shatters into small pieces.
This wand has 9 charges left.
Evoke which item? (* to show all) (? for menu, Esc to quit)
Aiming: Dig
Press: ? - help, Shift-Dir - straight line, f - you The rock shatters into small pieces.
This wand has 8 charges left.
You start resting.
Wield which item (- for none, * to show all)? (? for menu, Esc to quit)
a - 3 bread rations (in hand)
You swing at nothing.
The wolf barely misses you.
Wield which item (- for none, * to show all)? (? for menu, Esc to quit)
You are now empty-handed.
The wolf closely misses you.
You hit the wolf but do no damage. The wolf misses you.
The wolf barely misses you.
You hit the wolf but do no damage. You block the wolf's attack.
The wolf stops to sniff the ground.
The wolf bites you!
* * * LOW HITPOINT WARNING * * *
Okay, then.
Evoke which item? (* to show all) (? for menu, Esc to quit)
Aiming: Scattershot (will waste charges)
Press: ? - help, Shift-Dir - straight line, f - wolf
Aim: a wolf Nothing appears to happen.
The wolf barely misses you. You block the wolf's attack.
Evoke which item? (* to show all) (? for menu, Esc to quit)
Okay, then.
You hit the wolf but do no damage. You headbutt the wolf.
The wolf is lightly wounded.
You block the wolf's attack. The wolf bites you.
* * * LOW HITPOINT WARNING * * *
You block the wolf's attack.
You punch the wolf! Your headbutt misses the wolf.
You tail-slap the wolf, but do no damage.
The wolf is heavily wounded.
The wolf closely misses you. x2
You closely miss the wolf.
The wolf is heavily wounded.
The wolf closely misses you. The wolf barely misses you.
You hit the wolf but do no damage.
The wolf is heavily wounded.
The wolf completely misses you. You block the wolf's attack.
The wolf bites you!
* * * LOW HITPOINT WARNING * * *
Your shield prevents you from hitting the wolf.
You headbutt the wolf.
The wolf is severely wounded.
The wolf bites you.
You die...

## #.#
#.# #.#
#.# #.##
#@####
##
##h#.#
#.# ##.#
#.#
##.##
#.#
##.##
#.#
##.##
#.###.##
#.#.##
#.####


You could see a wolf.

Vanquished Creatures
  2 two-headed ogres
  A tengu warrior (D:10)
  An ugly thing (D:11)
  2 ice devils (D:11)
  2 trolls
  A hippogriff (D:9)
  2 steam dragons
  A water moccasin (D:8)
  5 orc warriors
  A black bear (D:7)
  An eye of draining (D:10)
  3 sky beasts
  4 ice beasts
  9 ogres
  5 centaurs
  5 bullfrogs
  6 scorpions
  6 wights
  A crimson imp (D:5)
  3 jellies
  A quasit (D:7)
  2 hounds
  9 orc priests
  10 orc wizards
  2 centaur skeletons
  3 iguanas
  6 worker ants
  A hound zombie (D:9)
  2 hound skeletons
  3 adders
  3 shadow imps
  An adder skeleton (D:8)
  3 dart slugs (D:1)
  3 leopard geckos
  33 orcs
  3 giant cockroaches
  5 hobgoblins
  2 jackals (D:7)
  4 quokkas
  3 ball pythons
  A ball python skeleton (D:5)
  4 bats
  3 frilled lizards
  5 kobolds
  A quokka skeleton (D:6)
  3 rats (D:1)
177 creatures vanquished.

Vanquished Creatures (collateral kills)
  A hippogriff (D:11)
  A yak (D:9)
  A soldier ant (D:11)
  An eye of draining (D:11)
  A centaur (D:11)
  A scorpion (D:7)
  A water moccasin skeleton (D:11)
  2 wights (D:11)
  A bullfrog zombie (D:11)
  A bullfrog skeleton (D:10)
  An orc priest (D:11)
  A worker ant zombie (D:11)
  3 orcs
16 creatures vanquished.

Grand Total: 193 creatures vanquished

Notes
Turn   | Place    | Note
-------+----------+-------------------------------------------
     0 | D:1      | tidbits the Draconian Monk began the quest for the Orb.
     0 | D:1      | Reached XP level 1. HP: 19/19 MP: 1/1
     2 | D:1      | Noticed a naga
     2 | D:1      | Noticed an ogre
     4 | D:1      | Noticed a halfling
     6 | D:1      | Noticed an elf
     8 | D:1      | Noticed a troll
     8 | D:1      | Noticed a felid
    10 | D:1      | Noticed a centaur
    12 | D:1      | Noticed a vine stalker
    14 | D:1      | Noticed a merfolk
    14 | D:1      | Noticed an octopode
    16 | D:1      | Noticed a vampire
    16 | D:1      | Noticed a human
    18 | D:1      | Noticed a dwarf
    18 | D:1      | Noticed a demonspawn
    20 | D:1      | Noticed a formicid
    20 | D:1      | Noticed a gargoyle
    22 | D:1      | Noticed a ghoul
    22 | D:1      | Noticed a spriggan
    24 | D:1      | Noticed a tengu
    24 | D:1      | Noticed a draconian
    26 | D:1      | Noticed a demigod
    26 | D:1      | Noticed a minotaur
   150 | D:1      | Reached XP level 2. HP: 6/26 MP: 2/2
   475 | D:2      | Reached skill level 4 in Unarmed Combat
   493 | D:2      | Found a sparkling altar of Nemelex Xobeh.
   569 | D:3      | Reached XP level 3. HP: 17/31 MP: 3/3
   689 | D:2      | Noticed Natasha
   923 | D:4      | Noticed a scorpion
   987 | D:4      | Killed a scorpion
   987 | D:4      | Reached skill level 3 in Dodging
   987 | D:4      | Reached skill level 2 in Stealth
   987 | D:4      | Reached XP level 4. HP: 23/40 MP: 4/4
  1034 | D:5      | Entered Level 5 of the Dungeon
  1046 | D:5      | Found a shadowy altar of Dithmenos.
  1066 | D:6      | Noticed a sky beast
  1112 | D:5      | Killed a sky beast
  1112 | D:5      | Reached skill level 4 in Fighting
  1112 | D:5      | Reached XP level 5. HP: 16/46 MP: 3/5
  1193 | D:5      | Noticed an ogre
  1197 | D:5      | Gained mutation: Your tail ends in a poisonous barb. [potion of mutation]
  1197 | D:5      | Gained mutation: You tend to lose your temper in combat. [potion of mutation]
  1197 | D:5      | Gained mutation: Your system is resistant to poisons. (rPois) [potion of mutation]
  1197 | D:5      | Gained mutation: You have a pair of small horns on your head. [potion of mutation]
  1202 | D:5      | Killed an ogre
  1202 | D:5      | Reached skill level 3 in Stealth
  1202 | D:5      | Reached XP level 6. HP: 36/53 MP: 6/6
  1363 | D:5      | Reached skill level 4 in Dodging
  1376 | D:5      | Reached skill level 5 in Fighting
  1426 | D:5      | Found a white marble altar of Elyvilon.
  1430 | D:5      | Found an ornate altar of the Wu Jian Council.
  1453 | D:5      | Became a worshipper of the Wu Jian Council
  1453 | D:5      | Reached * piety under Wu Jian
  1453 | D:5      | Reached ** piety under Wu Jian
  1564 | D:5      | Found a shimmering altar of Xom.
  1677 | D:4      | Noticed a fire elemental
  1679 | D:4      | Found a stormy altar of Qazlal.
  1680 | D:4      | Noticed an air elemental
  1680 | D:4      | Noticed a water elemental
  1725 | D:5      | Reached skill level 4 in Stealth
  1781 | D:6      | Your scales start taking on a rich purple colour.
  1781 | D:6      | Reached XP level 7. HP: 46/61 MP: 5/7
  1820 | D:6      | Found Leaqips's Jewellery Emporium.
  1895 | D:6      | Learned a level 1 spell: Animate Skeleton
  1897 | D:6      | Learned a level 1 spell: Confusing Touch
  1927 | D:6      | Reached skill level 1 in Spellcasting
  1927 | D:6      | Reached skill level 1 in Necromancy
  1962 | D:6      | Reached skill level 2 in Spellcasting
  2008 | D:7      | Reached skill level 2 in Necromancy
  2086 | D:7      | Reached skill level 3 in Spellcasting
  2086 | D:7      | Reached XP level 8. HP: 49/70 MP: 8/13
  2194 | D:7      | Reached skill level 3 in Necromancy
  2198 | D:7      | Learned a level 1 spell: Apportation
  2268 | D:8      | Found Vumpuk's Weapon Emporium.
  2280 | D:8      | Reached skill level 1 in Hexes
  2280 | D:8      | Reached skill level 1 in Translocations
  2304 | D:8      | Bought 8 curare-tipped needles for 62 gold pieces
  2314 | D:8      | Reached skill level 4 in Spellcasting
  2314 | D:8      | Reached skill level 2 in Hexes
  2314 | D:8      | Reached skill level 2 in Translocations
  2367 | D:8      | Reached skill level 6 in Fighting
  2367 | D:8      | Reached skill level 5 in Dodging
  2520 | D:6      | Found a shadowy altar of Dithmenos.
  2583 | D:7      | Found a snail-covered altar of Cheibriados.
  2634 | D:7      | Reached *** piety under Wu Jian
  2635 | D:7      | Reached skill level 7 in Fighting
  2715 | D:7      | Reached skill level 6 in Dodging
  2793 | D:8      | Got a translucent flail
  2794 | D:8      | Identified the cursed +0 flail "Ox" {crush, rElec Int+2} (You found it on level 8 of the Dungeon)
  2798 | D:8      | Reached XP level 9. HP: 51/79 MP: 10/15
  2830 | D:8      | Noticed a two-headed ogre
  2860 | D:8      | Killed a two-headed ogre
  2860 | D:8      | Reached skill level 8 in Fighting
  2887 | D:8      | Reached skill level 7 in Dodging
  2953 | D:9      | Noticed a troll
  3067 | D:8      | HP: 8/82 [orc warrior/mace (11)]
  3230 | D:9      | Reached skill level 9 in Fighting
  3400 | D:7      | Reached skill level 8 in Dodging
  3527 | D:8      | Killed a troll
  3527 | D:8      | Reached skill level 5 in Unarmed Combat
  3574 | D:9      | Reached XP level 10. HP: 13/92 MP: 3/16
  3798 | D:9      | Reached skill level 6 in Unarmed Combat
  3886 | D:9      | Reached **** piety under Wu Jian
  3916 | D:9      | HP: 8/92 [yak (9)]
  3916 | D:9      | HP: 2/92 [yak (6)]
  4245 | D:5      | Reached skill level 7 in Unarmed Combat
  4461 | D:10     | Entered Level 10 of the Dungeon
  4508 | D:10     | Noticed a two-headed ogre
  4536 | D:10     | Killed a two-headed ogre
  4536 | D:10     | Reached skill level 8 in Unarmed Combat
  4714 | D:10     | Noticed a tengu warrior
  4737 | D:10     | Killed a tengu warrior
  4737 | D:10     | Reached skill level 9 in Unarmed Combat
  4870 | D:11     | Noticed a green ugly thing
  4894 | D:11     | Killed a purple ugly thing
  4894 | D:11     | Reached skill level 2 in Shields
  4952 | D:11     | Reached skill level 3 in Shields
  5033 | D:11     | Reached skill level 4 in Shields
  5033 | D:11     | Reached XP level 11. HP: 64/99 MP: 8/17
  5079 | D:11     | Reached skill level 5 in Shields
  5180 | D:11     | Found a frozen archway.
  5189 | D:11     | HP: 7/148 [ice devil (8)]
  5198 | IceCv    | Entered an ice cave
  5220 | IceCv    | HP: 8/99 [wolf (7)]
  5225 | IceCv    | HP: 1/99 [wolf (6)]
  5226 | IceCv    | Slain by a wolf

Vault maps used:
D:1:      kb_arrival_jail, minmay_door_square
D:2:      lemuel_coloured_pillars_altar, first_bread, uniq_natasha
D:4:      nicolae_qazlal_style_of_elements, minmay_temple_entry_crystal_x,
          grunt_gozag_breadcrumbs
D:5:      chequers_temple_overflow_minitemple, tgw_xom,
          grunt_temple_overflow_open, basic_altar
D:6:      grunt_dithmenos_smoke_and_mirrors, serial_shops, shop, shop
D:7:      marbit_many_paths
D:8:      serial_shops, shop, minivault_27
D:9:      lair_entry_dummy, erik_orc_1
D:10:     grunt_tengu_nest, nicolae_ashenzari_panopticon
D:11:     portal_ice_cave_demonic_guard
IceCv:    ice_cave_small_giant

Skill      XL: |  1  2  3  4  5  6  7  8  9 10 11 |
---------------+----------------------------------+-----
Unarmed Combat | 4 5 9 |  9.6
Dodging        | 3 4 6 8 |  8.0
Stealth        | 2 3 4 |  4.4
Fighting       | 4 5 7 9 |  9.6
Spellcasting   | 3 4 |  4.1
Necromancy     | 2 3 |  3.0
Hexes          | 2 |  2.1
Translocations | 2 |  2.0
Shields        | 4 5 |  5.8

Action                   |  1- 3 |  4- 6 |  7- 9 | 10-12 || total
-------------------------+-------+-------+-------+-------++-------
Melee: Unarmed           |   109 |       |    34 |   226 ||   369
       Tailslap          |    11 |    13 |    45 |    47 ||   116
       Punch             |     2 |     4 |     5 |     7 ||    18
       Short sword       |    15 |   121 |   131 |       ||   267
       Headbutt          |       |    14 |    50 |    54 ||   118
       Dagger            |       |       |   130 |    50 ||   180
 Fire: Shortbow          |       |       |       |    12 ||    12
Throw: Stone             |       |       |     1 |       ||     1
 Cast: Animate Skeleton  |       |       |     4 |    13 ||    17
       Confusing Touch   |       |       |       |     2 ||     2
Invok: Serpent's Lash    |       |       |       |     1 ||     1
 Abil: Breathe Dispellin |       |       |     7 |     5 ||    12
Evoke: Wand              |       |       |     8 |    15 ||    23
  Use: Potion            |       |     1 |     3 |     6 ||    10
       Scroll            |       |     4 |     7 |     3 ||    14
 Stab: Sleeping          |     7 |     3 |    13 |     8 ||    31
       Confused          |       |       |       |     1 ||     1
  Eat: Fruit             |       |     3 |       |       ||     3
       Chunk             |       |     1 |     7 |     5 ||    13
       Royal jelly       |       |       |       |     1 ||     1
Armor: Skin              |    35 |    17 |    73 |    65 ||   190
Dodge: Dodged            |    78 |    58 |   191 |   142 ||   469
Block: Shield            |       |       |       |    39 ||    39

Table legend:
 A = Spawn XP
 B = Non-spawn XP
 C = Spawn XP percentage of total XP
 D = Spawn monster count
 E = Non-spawn monster count
 F = Spawn count percentage of total count
 G = Total turns spent on level
                    A         B        C        D         E        F      G
               +---------+---------+-------+---------+---------+-------+---------
         Total |       0 |   12911 |   0.0 |       0 |     193 |   0.0 |  5226
               +---------+---------+-------+---------+---------+-------+---------
           D:1 |       0 |      25 |   0.0 |       0 |      13 |   0.0 |   468
           D:2 |       0 |      17 |   0.0 |       0 |       9 |   0.0 |   261
           D:3 |       0 |      25 |   0.0 |       0 |       8 |   0.0 |   184
           D:4 |       0 |     102 |   0.0 |       0 |       3 |   0.0 |   199
           D:5 |       0 |     757 |   0.0 |       0 |      22 |   0.0 |   742
           D:6 |       0 |     533 |   0.0 |       0 |      13 |   0.0 |   623
           D:7 |       0 |    1456 |   0.0 |       0 |      29 |   0.0 |   768
           D:8 |       0 |    2460 |   0.0 |       0 |      26 |   0.0 |   796
           D:9 |       0 |    1626 |   0.0 |       0 |      21 |   0.0 |   420
          D:10 |       0 |    2527 |   0.0 |       0 |      21 |   0.0 |   380
          D:11 |       0 |    3383 |   0.0 |       0 |      28 |   0.0 |   357
               +---------+---------+-------+---------+---------+-------+---------

Table legend:
 A = Turns spent in this place as a percentage of turns spent in the entire game.
 B = Non-inter-level travel turns spent in this place as a percentage of non-inter-level travel turns spent in the entire game.
 C = Inter-level travel turns spent in this place as a percentage of turns spent in this place.
 D = Turns resting spent in this place as a percentage of non-inter-level travel turns spent in this place.
 E = Turns spent auto-exploring this place as a percentage of non-inter-level travel turns spent in this place.
 F = Non-inter-level travel turns spent in this place divided by the number of levels of this place that you've seen.
                   A       B       C       D       E      F
               +-------+-------+-------+-------+-------+----------------------
         Total | 100.0 | 100.0 |   9.0 |   0.0 |   0.0 | 396.4
       Dungeon |  99.5 |  99.4 |   9.0 |   0.0 |   0.0 | 429.9
      Ice Cave |   0.5 |   0.6 |   0.0 |   7.1 |   0.0 |  28.0
               +-------+-------+-------+-------+-------+----------------------

Table legend:
 A = Kills in this place as a percentage of kills in entire the game.
 B = Kills by you in this place as a percentage of kills by you in the entire game.
 C = Kills by friends in this place as a percentage of kills by friends in the entire game.
 D = Other kills in this place as a percentage of other kills in the entire game.
 E = Experience gained in this place as a percentage of experience gained in the entire game.
 F = Experience gained in this place divided by the number of levels of this place that you have seen.
                   A       B       C       D       E      F
               +-------+-------+-------+-------+-------+----------------------
         Total | 100.0 | 100.0 | 100.0 |   N/A | 100.0 | 1075.9
       Dungeon | 100.0 | 100.0 | 100.0 |   N/A | 100.0 | 1173.7
               +-------+-------+-------+-------+-------+----------------------

Vault maps used:
D:1:      kb_arrival_jail, minmay_door_square
D:2:      lemuel_coloured_pillars_altar, first_bread, uniq_natasha
D:4:      nicolae_qazlal_style_of_elements, minmay_temple_entry_crystal_x,
          grunt_gozag_breadcrumbs
D:5:      chequers_temple_overflow_minitemple, tgw_xom,
          grunt_temple_overflow_open, basic_altar
D:6:      grunt_dithmenos_smoke_and_mirrors, serial_shops, shop, shop
D:7:      marbit_many_paths
D:8:      serial_shops, shop, minivault_27
D:9:      lair_entry_dummy, erik_orc_1
D:10:     grunt_tengu_nest, nicolae_ashenzari_panopticon
D:11:     portal_ice_cave_demonic_guard
IceCv:    ice_cave_small_giant
